 Dungeon Crawl Stone Soup version 0.29.1-2-gbd0b4ee654 (webtiles) character file.

Game seed: 13572049946461807103

88 GorkyZ the Cudgeller (level 4, -2/27 HPs)
             Began as a Gargoyle Gladiator on Dec 1, 2022.
             Slain by a hobgoblin (3 damage)
             ... on level 2 of the Dungeon.
             The game lasted 00:04:19 (2094 turns).

GorkyZ the Cudgeller (Gargoyle Gladiator)           Turns: 2094, Time: 00:04:20

Health: -2/27      AC: 11    Str: 20    XL:     4   Next: 53%
Magic:  4/4        EV: 10    Int:  8    God:
Gold:   60         SH:  0    Dex: 11    Spells: 3/3 levels left

rFire   . . .      SeeInvis .   v - +0 whip
rCold   . . .      Faith    .   (no shield)
rNeg    + . .      Spirit   .   i - +0 scale mail
rPois   ∞          Reflect  .   c - +0 helmet
rElec   +          Harm     .   (no cloak)
rCorr   .          Rampage  .   (no gloves)
Will    .....                   (no boots)
Stlth   ..........              (no amulet)
HPRegen 0.09/turn               (no ring)
MPRegen 0.09/turn               (no ring)

@: no status effects
A: sickness immunity, AC +3, negative energy resistance 1, electricity
resistance, torment resistance 1, petrification resistance
a: no special abilities


You were on level 2 of the Dungeon.
You visited 1 branch of the dungeon, and saw 2 of its levels.

You collected 60 gold pieces.

Inventory:

Hand Weapons
 a - a +0 flail
 k - a +0 hand axe
 v - a +0 whip (weapon)
Missiles
 e - a javelin (quivered)
Armour
 b - a +0 leather armour
 c - a +0 helmet (worn)
 g - +0 fire dragon scales
 i - a +0 scale mail (worn)
Scrolls
 f - 3 scrolls of poison {unknown}
 j - a scroll of silence {unknown}
 l - 2 scrolls of enchant armour {unknown}
 m - 3 scrolls of identify {unknown}
 p - a scroll of teleportation {unknown}
 q - 3 scrolls of enchant weapon {unknown}
 r - 3 scrolls of immolation {unknown}
 s - a scroll of noise {unknown}
Potions
 h - a potion of degeneration {unknown}
 n - 2 potions of curing {unknown}
 o - a potion of brilliance {unknown}
 t - a potion of attraction {unknown}
 u - a potion of invisibility


   Skills:
 + Level 2.8 Fighting
 * Level 3.8 Maces & Flails
 + Level 2.3 Throwing
 + Level 1.5 Armour
 + Level 2.8 Dodging


You had 3 spell levels left.
You didn't know any spells.
Your spell library was empty.

Dungeon Overview and Level Annotations

Branches:
Dungeon (2/15)

Altars:

Annotations:
D:2 Sigmund


Innate Abilities, Weirdness & Mutations

You are immune to sickness and miasma.
Your stone body is resilient. (AC +3)
You are immune to poison.
You resist negative energy. (rN+)
You are resistant to electric shocks. (rElec)
You are resistant to unholy torment.
You are immune to petrification.


Message History

The goblin closely misses you. The rat misses you. Something hits you.
* * * LOW HITPOINT WARNING * * *
The endoplasm attacks as you move away!
The endoplasm hits you but does no damage.
You feel less confused. The rat barely misses you.
The hobgoblin hits you but does no damage.
The endoplasm attacks as you move away! The endoplasm misses you.
Something hits you but does no damage. The endoplasm attacks as you move away!
The endoplasm hits you but does no damage.
The hobgoblin barely misses you. The hobgoblin attacks as you move away!
The hobgoblin closely misses you. The endoplasm attacks as you move away!
The endoplasm hits you but does no damage.
The endoplasm attacks as you move away!
The endoplasm hits you but does no damage.
The hobgoblin attacks as you move away! The hobgoblin misses you.
You hit the endoplasm.
You kill the endoplasm!
You hit the hobgoblin.
The hobgoblin is heavily wounded.
The hobgoblin hits you but does no damage.
You barely miss the hobgoblin.
The hobgoblin is heavily wounded.
You hear some strange, mumbled words.
You barely miss something.
The hobgoblin hits you but does no damage.
Something hits you.
* * * LOW HITPOINT WARNING * * *
Something hits you.
* * * LOW HITPOINT WARNING * * *
You hit the hobgoblin but do no damage.
The hobgoblin is heavily wounded.
The hobgoblin hits you but does no damage.
Something hits you.
* * * LOW HITPOINT WARNING * * *
The hobgoblin barely misses you. The hobgoblin hits you.
You die...

#######
#.###..#...........
##.....##
#.###....#.........
##.......##
#.##...###......#.#
#.........###.##...#
#..##.....
#.............##...#
#######...
#.........####....)#
#.##
#.........#........##
#.##
###.........{.#g......#
#..#
...........g###.@.....#
##.. ..#.........#
#.......# ###
.!.(........# ##.....##
###.#.......# #.......#
...#.......# #.......#
#.###......## #.......#
.$ ......## ##.....## #
##.#.### ##...## #####


You could see a hobgoblin.

Vanquished Creatures
  Terence (D:2)
  An adder (D:2)
  3 dart slugs
  2 bats (D:2)
  6 endoplasms
  2 giant cockroaches (D:1)
  2 goblins
  3 hobgoblins (D:1)
  8 jackals (D:1)
  5 kobolds
  3 quokkas (D:1)
  3 ball pythons
  2 frilled lizards (D:1)
  5 rats
46 creatures vanquished.

Notes
Turn   | Place    | Note
-------+----------+-------------------------------------------
     0 | D:1      | GorkyZ the Gargoyle Gladiator began the quest for the Orb.
     0 | D:1      | Reached XP level 1. HP: 12/12 MP: 1/1
   133 | D:1      | Reached XP level 2. HP: 17/17 MP: 2/2
   647 | D:1      | Reached skill level 1 in Armour
   657 | D:1      | Reached XP level 3. HP: 5/22 MP: 3/3
  1561 | D:2      | Noticed Terence
  1573 | D:2      | Killed Terence
  1574 | D:2      | Reached XP level 4. HP: 11/27 MP: 4/4
  2054 | D:2      | Noticed Sigmund
  2090 | D:2      | HP: 1/27 [something (1)]
  2094 | D:2      | Slain by a hobgoblin

Illustrated notes

Levels and vault maps discovered:
D:1:      saegor_arrival_simple_e, layout_basic, bh_walls_and_bars
D:2:      layout_rooms, basic_altar, mrwooster_statue_mirror,
          minmay_indecisive_spiral, uniq_sigmund, uniq_terence

Skill      XL: |  1  2 |
---------------+-------+-----
Throwing       | 2 |  2.3
Armour         | 1 |  1.5
Fighting       | |  2.8
Maces & Flails | |  3.8
Dodging        | |  2.8

Action                   |  1- 3 |  4- 6 || total
-------------------------+-------+-------++-------
Melee: Flail             |   115 |    25 ||   140
       Punch             |     1 |     1 ||     2
       Whip              |       |    22 ||    22
Throw: Throwing net      |     1 |     3 ||     4
 Stab: Held in net/web   |       |     2 ||     2
Armor: Leather armour    |     4 |       ||     4
       Scale mail        |    52 |    53 ||   105
       Fire dragon scale |    13 |       ||    13
Dodge: Dodged            |    90 |    61 ||   151
